AoeStats
← AaddeEcktEckte

Arabia

510359100Analyzed
1v1 RM · 2d ago on Sep 30, 2026· 31m 2s· 2 players
Game mode
Random Map
Map size
Tiny (2 player)
Population
200
Speed
Normal
Resources
Standard
Victory
Conquest
Starting age
Dark Age
Ending age
Imperial Age
RankedLock teamsTeams togetherTeam positionsShared explorationLock speedFull tech treeHidden civsTurbo modeCheats
Victory
Defeat
🇳🇱 Mongols · Netherlands
602
+16
🇮🇳 Byzantines · India
605
-29
AaddeEcktEckte
13:13 Feudal Age
17:46 Castle Age
16:52 Horse Collar
18:44 Fletching
20:37 Double-Bit Axe
20:44 Loom
21:08 Bodkin Arrow
22:06 Husbandry
Curufin
11:21 Loom
13:10 Feudal Age
13:59 Double-Bit Axe
16:31 Arson
20:14 Castle Age
18:49 Fletching
21:20 Squires
21:05 Gambesons
21:37 Forging
21:28 Scale Mail Armor
21:30 Pikeman
Connection lost

Rejoining the realm…

Still unreachable

The connection could not be restored.

Session expired

The server has moved on; the page needs a fresh start.